Map: Zen LE

Players

lllllllllll (sOs) - Winner!

  • Race: Protoss Protoss
  • League: Grandmaster
  • Spawn Location: 1:00

TIME (Oliveira)

  • Race: Terran Terran
  • League: Master
  • Spawn Location: 7:00

VOD

Have the link to the VOD?

Description

Time

  • Played on: Jan. 9, 2020, 6:06 a.m.
  • Length: 11:43
Show
View Real Time Build Order
Export as new Build Order

lllllllllll Protoss - Winner!

Build Orders: Oracle Opening 

Get SALT Encoding   

  12  0:00  Probe  
  13  0:12  Probe  
  14  0:17  Pylon  
  14  0:25  Probe  
  15  0:37  Gateway  
  15  0:38  Probe (Chrono Boost)  
  16  0:48  Probe (Chrono Boost), Assimilator  
  17  0:53  Probe (Chrono Boost)  
  18  1:04  Probe  
  19  1:17  Probe  
  19  1:24  Zealot  
  19  1:25  Cybernetics Core  
  21  1:37  Pylon  
  21  1:49  Nexus  
  21  1:53  Probe  
  22  1:58  Stalker (Chrono Boost)  
  24  2:04  Warp Gate  
  24  2:06  Probe  
  25  2:12  Assimilator  
  25  2:19  Stalker (Chrono Boost)  
  27  2:25  Probe  
  28  2:32  Pylon  
  28  2:37  Probe  
  29  2:49  Probe  
  27  3:05  Probe x2 (Chrono Boost)  
  29  3:13  Stargate  
  29  3:15  Probe (Chrono Boost)  
  29  3:16  Probe (Chrono Boost)  
  31  3:21  Probe  
  31  3:25  Probe  
  33  3:33  Probe, Stalker  
  36  3:37  Probe  
  35  3:45  Probe  
  34  3:50  Probe  
  35  3:55  Oracle (Chrono Boost)  
  35  3:57  Probe  
  35  4:02  Probe  
  40  4:09  Probe  
  41  4:13  Stalker  
  41  4:14  Probe  
  44  4:22  Probe, Phoenix (Chrono Boost)  
  47  4:26  Probe  
  48  4:32  Nexus  
  48  4:41  Zealot  
  48  4:46  Phoenix (Chrono Boost)  
  48  4:49  Probe x2, Pylon  
  52  5:04  Phoenix (Chrono Boost)  
  52  5:05  Gateway  
  54  5:07  Gateway  
  54  5:09  Stalker  
  56  5:19  Shield Battery  
  56  5:21  Pylon  
  56  5:27  Probe x2  
  51  5:37  Phoenix  
  51  5:39  Pylon  
  51  5:41  Probe (Chrono Boost)  
  55  5:43  Probe (Chrono Boost)  
  55  5:46  Probe (Chrono Boost)  
  56  5:53  Probe (Chrono Boost)  
  56  5:54  Gateway  
  55  5:57  Probe (Chrono Boost)  
  55  5:59  Probe x2 (Chrono Boost)  
  57  6:04  Stalker  
  57  6:05  Sentry  
  57  6:09  Phoenix  
  63  6:11  Probe  
  63  6:13  Assimilator  
  64  6:18  Gateway  
  64  6:26  Probe x2 (Chrono Boost)  
  64  6:28  Probe (Chrono Boost)  
  64  6:31  Twilight Council  
  64  6:32  Gateway  
  67  6:38  Probe (Chrono Boost)  
  69  6:42  Probe (Chrono Boost)  
  69  6:43  Probe (Chrono Boost)  
  69  6:44  Probe (Chrono Boost)  
  71  6:50  Probe, Robotics Facility  
  72  6:54  Gateway  
  72  6:56  Gateway  
  72  6:57  Zealot  
  72  6:58  Zealot  
  72  6:59  Zealot  
  68  7:17  Nexus  
  68  7:19  Charge (Chrono Boost)  
  68  7:21  Probe  
  68  7:22  Probe  
  67  7:28  Sentry  
  69  7:34  Probe  
  70  7:46  Pylon  
  70  7:48  Assimilator  
  70  7:53  Pylon  
  70  7:55  Dark Shrine  
  70  7:58  Pylon  
  70  8:03  Warp Prism (Chrono Boost)  
  70  8:05  Probe x2  
  74  8:06  Zealot x2  
  78  8:16  Zealot x3  
  78  8:17  Zealot  
  78  8:19  Pylon  
  86  8:31  Zealot x2  
  91  8:34  Probe x2  
  91  8:37  Robotics Bay  
  91  8:38  Forge  
  92  8:41  Zealot x2  
  92  8:46  Probe  
  97  9:06  Pylon  
  97  9:07  Pylon, Assimilator  
  97  9:13  Zealot x5  
  97  9:14  Zealot  
  109  9:21  Colossus (Chrono Boost)  
  107  9:29  Protoss Ground Weapons Level 1 (Chrono Boost)  
  109  9:32  Blink (Chrono Boost)  
  109  9:34  Extended Thermal Lance  
  109  9:36  Probe x2  
  109  9:37  Probe  
  108  9:40  Dark Templar x2  
  112  9:49  Pylon  
  112  9:51  Assimilator  
  112  9:55  Gateway  
  112  10:01  Dark Templar  
  112  10:04  Colossus (Chrono Boost)  
  120  10:24  Stalker x5  
  130  10:35  Shield Battery  
  130  10:37  Shield Battery  
  130  10:41  Shield Battery  
  130  10:46  Shield Battery  
  130  10:48  Colossus (Chrono Boost), Shield Battery  
  130  10:49  Sentry x2  
  138  11:09  Stalker x5  
  138  11:14  Stalker  
  136  11:30  Zealot  
  110  11:33  Zealot  
  110  11:34  Zealot x3  
  110  11:36  Dark Templar  
Show
View Real Time Build Order
Export as new Build Order

TIME Terran 

Build Orders: Gas First Reaper Expand 

Get SALT Encoding   

  12  0:00  SCV  
  13  0:13  SCV  
  14  0:18  Supply Depot  
  14  0:25  SCV  
  15  0:30  Refinery  
  15  0:40  SCV  
  16  0:44  Barracks  
  16  0:52  SCV  
  17  1:04  SCV  
  18  1:16  SCV  
  18  1:35  Orbital Command, Reaper  
  19  1:47  Command Center  
  19  2:00  Factory  
  19  2:02  SCV  
  20  2:09  Barracks Reactor  
  20  2:14  SCV  
  21  2:17  Supply Depot  
  21  2:19  Refinery  
  21  2:26  SCV  
  21  2:38  SCV  
  22  2:47  Marine, Starport, Hellion  
  22  2:50  SCV  
  25  3:01  Marine  
  25  3:02  SCV  
  25  3:05  Orbital Command  
  27  3:12  Widow Mine  
  29  3:15  Marine  
  29  3:19  Marine  
  31  3:24  SCV  
  31  3:29  Medivac  
  31  3:31  SCV  
  31  3:33  Marine  
  34  3:38  Factory Tech Lab, Orbital Command  
  34  3:44  SCV, Marine  
  36  3:51  Marine  
  36  3:59  Supply Depot, Siege Tank  
  36  4:02  Marine  
  40  4:04  SCV  
  40  4:09  Marine  
  42  4:11  Medivac  
  44  4:18  SCV x2  
  44  4:20  Marine  
  47  4:26  Supply Depot  
  47  4:27  Marine  
  48  4:31  SCV x2  
  48  4:34  Siege Tank  
  48  4:38  Marine  
  54  4:45  Marine  
  54  4:47  SCV  
  54  4:51  SCV  
  56  4:52  Supply Depot  
  56  4:56  Marine  
  56  4:58  Viking  
  55  5:00  SCV  
  55  5:02  Marine  
  55  5:05  SCV  
  54  5:12  SCV  
  54  5:13  Marine  
  51  5:17  SCV  
  51  5:20  Marine  
  53  5:24  SCV  
  51  5:29  SCV  
  51  5:31  Marine  
  51  5:32  Siege Tank  
  52  5:36  SCV  
  52  5:38  Marine  
  52  5:41  SCV  
  55  5:44  Viking  
  55  5:48  SCV  
  55  5:49  Marine  
  59  5:53  SCV  
  59  5:56  Marine  
  61  6:00  SCV, Command Center  
  62  6:05  SCV  
  62  6:07  Marine  
  62  6:08  Supply Depot  
  62  6:11  Siege Tank  
  67  6:12  SCV  
  67  6:14  Marine  
  67  6:17  SCV  
  70  6:24  SCV  
  70  6:25  Marine  
  68  6:28  Starport Tech Lab  
  68  6:29  SCV  
  68  6:32  Marine  
  70  6:37  Barracks x2  
  70  6:38  SCV  
  70  6:39  Engineering Bay  
  71  6:42  SCV, Marine  
  73  6:50  SCV  
  73  6:54  SCV, Marine  
  75  7:00  Marine  
  77  7:02  SCV  
  77  7:06  Supply Depot, Terran Infantry Weapons Level 1  
  78  7:09  Refinery  
  78  7:10  Barracks  
  78  7:11  Barracks  
  66  7:20  Marine, SCV  
  66  7:22  Marine  
  63  7:23  Orbital Command  
  63  7:25  SCV  
  64  7:32  Starport Reactor, Barracks  
  64  7:33  Barracks  
  64  7:34  SCV  
  60  7:37  SCV  
  60  7:40  Marine  
  60  7:41  Stimpack, Marauder  
  63  7:45  Refinery  
  63  7:46  SCV, Combat Shield  
  62  7:52  Marine, Factory Reactor, Marauder  
  62  7:56  SCV  
  66  7:59  Barracks Reactor  
  66  8:00  Barracks Tech Lab  
  66  8:01  SCV  
  66  8:03  Marine  
  66  8:04  Missile Turret, Marauder  
  70  8:05  Missile Turret  
  70  8:08  SCV  
  70  8:09  Marine  
  70  8:10  Orbital Command  
  70  8:12  Medivac x2  
  76  8:13  SCV  
  76  8:15  Marine  
  77  8:20  SCV  
  77  8:21  Marine, Supply Depot  
  77  8:24  Concussive Shells, Marauder  
  77  8:25  SCV  
  77  8:26  Marauder  
  84  8:30  Widow Mine  
  84  8:31  Widow Mine  
  84  8:32  Marine, SCV  
  90  8:35  SCV  
  90  8:38  SCV, Marine x2  
  90  8:39  Marine, Marauder  
  97  8:43  Supply Depot  
  97  8:44  SCV  
  97  8:46  Medivac  
  97  8:47  SCV, Medivac  
  103  8:49  Marauder  
  103  8:53  Marine  
  103  8:54  Marauder  
  103  8:55  SCV  
  109  9:04  Supply Depot  
  109  9:05  Marine x2, Widow Mine x2  
  109  9:06  Marine, Marauder  
  109  9:07  Supply Depot  
  109  9:08  SCV  
  117  9:16  Ghost Academy  
  105  9:32  Supply Depot  
  105  9:38  Supply Depot  
  105  9:39  Supply Depot  
  105  9:43  Liberator  
  105  9:52  Supply Depot  
  105  9:53  Supply Depot  
  105  9:57  Marine x2, SCV  
  110  10:00  Marine x2  
  110  10:01  Liberator  
  114  10:14  Marine x2  
  117  10:25  Unknown  
  117  10:26  Missile Turret, Marauder  
  117  10:28  Marine, Unknown x2  
  119  10:29  Marauder  
  122  10:39  Marine  
  122  10:40  Marine  
  123  10:46  Marine  
  123  10:47  Marauder  
  126  10:50  Marauder  
Tags
 
Add a new tag
Caveats
  • Supply blocks, unpowered buildings, or Contaminate may cause inaccurate times.
  • Supply counts are checked every 10 seconds.